 Dungeon Crawl Stone Soup version 0.31.0-11-ge490571c62 (webtiles) character file.

Game seed: 12878772249728705104

216 Ashen the Sneak (level 5, -2/38 HPs)
             Began as a Gnoll Enchanter on Feb 7, 2024.
             Slain by Grinder (4 damage)
             ... while paralysed by Grinder
             ... on level 4 of the Dungeon.
             The game lasted 00:06:50 (3116 turns).

Ashen the Sneak (Gnoll Enchanter)                   Turns: 3116, Time: 00:06:50

Health: -2/38      AC:  4    Str:  8    XL:     5   Next: 93%
Magic:  9/12       EV:  2    Int: 14    God:
Gold:   181        SH:  0    Dex: 14    Spells: 3/14 levels left

rFire   . . .        a - +1 dagger
rCold   . . .        (no shield)
rNeg    . . .        b - +0 robe
rPois   .            (no helmet)
rElec   +            q - +1 cloak
rCorr   .            (no gloves)
SInv    .            (no boots)
Will    .....        g - amulet of the Air {Inacc Air Fly rElec RMsl}
Stlth   +++          (no ring)
HPRegen 0.26/turn    (no ring)
MPRegen 0.13/turn

%: inaccuracy (-5), repel missiles
@: paralysed, confusing by touch, flying
A: fangs 1, strong nose, distributed training
a: no special abilities


You were on level 4 of the Dungeon.
You visited 1 branch of the dungeon, and saw 4 of its levels.

You collected 181 gold pieces.

Inventory:

Hand Weapons
 a - a +1 dagger (weapon)
Missiles
 h - 2 throwing nets (quivered)
Armour
 b - a +0 robe (worn)
 q - a +1 cloak (worn)
Jewellery
 g - the amulet of the Air (around neck) {Inacc Air Fly rElec RMsl}
   (You found it on level 2 of the Dungeon)

   [amulet of nothing]

   Inacc:     It reduces the accuracy of your attacks and spells.
   Air:       It enhances your air magic.
   rElec:     It insulates you from electricity.
   Fly:       It grants you flight.
   RMsl:      It protects you from missiles.
 i - a +5 ring of evasion
Scrolls
 d - 5 scrolls of identify {unknown}
 e - a scroll of blinking {unknown}
 f - a scroll of enchant weapon {unknown}
 j - 2 scrolls of teleportation {unknown}
 l - a scroll of immolation {unknown}
 m - a scroll of revelation {unknown}
 o - a scroll of enchant armour {unknown}
 p - a scroll of noise {unknown}
Potions
 c - 3 potions of invisibility
 k - 2 potions of might {unknown}
 n - a potion of curing {unknown}
 r - 2 potions of mutation {unknown}


   Skills:
 + Level 1.8 Fighting
 + Level 3.1 Short Blades
 + Level 1.8 Long Blades
 + Level 1.8 Axes
 + Level 1.8 Maces & Flails
 + Level 1.8 Polearms
 + Level 1.8 Staves
 + Level 1.8 Ranged Weapons
 + Level 1.8 Throwing
 + Level 1.8 Armour
 + Level 4.9 Dodging
 + Level 6.2 Stealth
 + Level 1.8 Shields
 + Level 1.8 Unarmed Combat
 + Level 5.3 Spellcasting
 + Level 1.4 Conjurations
 + Level 5.6 Hexes
 + Level 1.4 Summonings
 + Level 1.4 Necromancy
 + Level 1.4 Translocations
 + Level 1.4 Fire Magic
 + Level 1.4 Ice Magic
 + Level 1.4 Air Magic
 + Level 1.4 Earth Magic
 + Level 1.4 Alchemy
 + Level 2.0 Invocations
 + Level 1.8 Evocations
 + Level 1.6 Shapeshifting


You had 3 spell levels left.
You knew the following spells:

 Your Spells              Type           Power      Damage    Failure   Level
a - Ensorcelled Hibernat  Hex/Ice        26%        N/A       6%          2
b - Confusing Touch       Hex            19%        N/A       4%          3
c - Tukima's Dance        Hex            19%        N/A       4%          3
d - Dazzling Flash        Conj/Hex       26%        N/A       12%         3

Your spell library contained the following spells:

 Spells                   Type           Power      Damage    Failure   Level
 Sigil of Binding         Hex            19%        N/A       4%          3
 Call Canine Familiar     Summ           7%         N/A       28%         3
 Ozocubu's Armour         Ice            7%         N/A       28%         3
 Dimensional Bullseye     Hex/Tloc       6%         N/A       36%         4
 Metabolic Englaciation   Hex/Ice        6%         N/A       73%         5
 Sculpt Simulacrum        Ice/Alch       3%         N/A       100%        6


Dungeon Overview and Level Annotations

Branches:
Dungeon (4/15)
 Temple: D:4-7

Altars:
Fedhas
Gozag

Shops:
D:3 *

Annotations:
D:4 Grinder


Innate Abilities, Weirdness & Mutations

You have very sharp teeth.
Your uncanny sense of smell can sniff out nearby items.
Your experience applies equally to all skills.


Message History

Grinder hits herself but does no damage.
You catch the helpless Grinder completely off-guard!
You impale Grinder!!
Grinder is heavily wounded.
You barely miss Grinder.
Grinder is heavily wounded.
Grinder misses you.
You closely miss Grinder.
Grinder is heavily wounded.
You hit Grinder but do no damage. You bite Grinder, but do no damage.
Grinder is heavily wounded.
You hit Grinder.
Grinder is severely wounded.
You hit Grinder but do no damage.
Grinder is severely wounded.
Grinder barely misses you.
You strike the helpless Grinder from behind!
You puncture Grinder!
Grinder is almost dead.
You closely miss Grinder. Your bite misses Grinder.
Grinder is almost dead.
Grinder seems less confused.
Grinder hits you.
You writhe in agony.
You closely miss Grinder.
Grinder is almost dead.
Grinder hits you.
You writhe in agony.
Casting: Confusing Touch (dangerous; 4% risk of failure)
Confirm with . or Enter, or press ? or * to list all spells.
Your hands begin to glow red.
Grinder gestures at you.
You suddenly lose the ability to move!
Grinder hits you but does no damage. Grinder hits you.
You writhe in agony.
Grinder gestures at you. Pain shoots through your body!
* * * LOW HITPOINT WARNING * * *
Grinder hits you!
* * * LOW HITPOINT WARNING * * *
You writhe in agony.
You die...
Grinder says, "Hey, I wasn't done torturing you yet!"

........#.#
..........#
..........#
########..# #..#
#..# ####..##
#5.....# #@##..##
#.##..######
##.#...##...#####
#......##.)......
#...[[......#
#..<#)#.#####
#####.#.# #.#.#
#.#.#


You could see Grinder.

Vanquished Creatures
  2 orc priests (D:4)
  4 gnolls
  3 adders
  A ribbon worm (D:3)
  2 dart slugs
  7 orcs
  5 ball pythons
  6 bats
  6 endoplasms
  A giant cockroach (D:3)
  7 goblins
  4 hobgoblins
  6 jackals (D:3)
  2 quokkas (D:4)
  8 frilled lizards
  6 kobolds
  8 rats
78 creatures vanquished.

Notes
Turn   | Place    | Note
-------+----------+-------------------------------------------
     0 | D:1      | Ashen the Gnoll Enchanter began the quest for the Orb.
     0 | D:1      | Reached XP level 1. HP: 13/13 MP: 6/6
   101 | D:1      | Found a faded altar of an unknown god.
   180 | D:1      | Reached XP level 2. HP: 14/19 MP: 7/7
   261 | D:1      | Learned a level 2 spell: Ensorcelled Hibernation
   786 | D:2      | Reached skill level 5 in Spellcasting
   786 | D:2      | Reached XP level 3. HP: 19/25 MP: 7/9
   796 | D:2      | Learned a level 3 spell: Confusing Touch
   800 | D:2      | Learned a level 3 spell: Tukima's Dance
   804 | D:2      | Learned a level 3 spell: Dazzling Flash
   855 | D:2      | Reached skill level 6 in Stealth
   945 | D:2      | Reached skill level 1 in Invocations
  1017 | D:2      | Found the amulet of the Air {Inacc Air Fly rElec RMsl}
  1077 | D:2      | Reached skill level 1 in Fighting
  1077 | D:2      | Reached skill level 1 in Long Blades
  1077 | D:2      | Reached skill level 1 in Axes
  1077 | D:2      | Reached skill level 1 in Maces & Flails
  1077 | D:2      | Reached skill level 1 in Polearms
  1077 | D:2      | Reached skill level 1 in Staves
  1077 | D:2      | Reached skill level 1 in Ranged Weapons
  1077 | D:2      | Reached skill level 1 in Throwing
  1077 | D:2      | Reached skill level 1 in Armour
  1077 | D:2      | Reached skill level 1 in Shields
  1077 | D:2      | Reached skill level 1 in Unarmed Combat
  1077 | D:2      | Reached skill level 1 in Evocations
  1081 | D:2      | Reached skill level 1 in Shapeshifting
  1081 | D:2      | Reached XP level 4. HP: 28/32 MP: 1/11
  1195 | D:2      | Reached skill level 1 in Conjurations
  1195 | D:2      | Reached skill level 1 in Summonings
  1195 | D:2      | Reached skill level 1 in Necromancy
  1195 | D:2      | Reached skill level 1 in Translocations
  1195 | D:2      | Reached skill level 1 in Fire Magic
  1195 | D:2      | Reached skill level 1 in Ice Magic
  1195 | D:2      | Reached skill level 1 in Air Magic
  1195 | D:2      | Reached skill level 1 in Earth Magic
  1195 | D:2      | Reached skill level 1 in Alchemy
  1575 | D:3      | Found Gozag's Platinum Reserve.
  1577 | D:3      | Found an opulent altar of Gozag.
  2062 | D:3      | Reached XP level 5. HP: 37/37 MP: 7/12
  2343 | D:3      | Found a blossoming altar of Fedhas.
  2963 | D:4      | Noticed Grinder
  2970 | D:4      | Paralysed by Grinder for 4 turns
  2978 | D:4      | Paralysed by Grinder for 3 turns
  3112 | D:4      | Paralysed by Grinder for 5 turns
  3116 | D:4      | Slain by Grinder

Illustrated notes

Levels and vault maps discovered:
D:1:      heliophobic_arrival_enchanted_forest, layout_loops_ring,
          ebering_ecumenical_altar_mist
D:2:      layout_rooms
D:3:      layout_loops_ring, nicolae_gozag_zags_fifth_avenue,
          lemuel_round_altar, nicolae_underground_beach
D:4:      layout_loops_ring, nemelex_xobeh_ov_fountains_minmay, temple_statues,
          uniq_grinder, uniq_blork_the_orc

Skill      XL: |  1  2  3  4  5 |
---------------+----------------+-----
Spellcasting   | 5 |  5.3
Stealth        | 6 |  6.2
Invocations    | 1 2 |  2.0
Fighting       | 1 |  1.8
Long Blades    | 1 |  1.8
Axes           | 1 |  1.8
Maces & Flails | 1 |  1.8
Polearms       | 1 |  1.8
Staves         | 1 |  1.8
Ranged Weapons | 1 |  1.8
Throwing       | 1 |  1.8
Armour         | 1 |  1.8
Shields        | 1 |  1.8
Unarmed Combat | 1 |  1.8
Evocations     | 1 |  1.8
Shapeshifting  | 1 |  1.6
Conjurations   | 1 |  1.4
Summonings     | 1 |  1.4
Necromancy     | 1 |  1.4
Translocations | 1 |  1.4
Fire Magic     | 1 |  1.4
Ice Magic      | 1 |  1.4
Air Magic      | 1 |  1.4
Earth Magic    | 1 |  1.4
Alchemy        | 1 |  1.4
Short Blades   | 3 |  3.1
Dodging        | |  4.9
Hexes          | |  5.6

Action                     |  1- 3 |  4- 6 || total
---------------------------+-------+-------++-------
  Melee: Dagger            |   128 |   124 ||   252
         Bite              |    12 |     4 ||    16
         Punch             |     2 |       ||     2
   Cast: Ensorcelled Hiber |     9 |    37 ||    46
         Confusing Touch   |       |     3 ||     3
   Stab: Sleeping          |     9 |    32 ||    41
         Confused          |       |     3 ||     3
 Armour: Robe              |    60 |    53 ||   113
  Dodge: Dodged            |    97 |    69 ||   166
